Map: Dusty Gorge

Players

ToffieNut

  • Race: Protoss Protoss
  • Spawn Location: 5:00

IWIking

  • Race: Terran Terran
  • Spawn Location: 3:00

Massa - Winner!

  • Race: Terran Terran
  • League: Gold
  • Spawn Location: 9:00

qqq - Winner!

  • Race: Zerg Zerg
  • League: Platinum
  • Spawn Location: 11:00

VOD

Have the link to the VOD?

Description

Time

  • Played on: May 23, 2020, 3:24 p.m.
  • Length: 7:08
Show
View Real Time Build Order
Export as new Build Order

ToffieNut Protoss 

Build Orders: Cannon Rush, Double Forge 

Get SALT Encoding   

  12  0:01  Probe  
  13  0:13  Probe  
  14  0:21  Pylon  
  14  0:25  Probe  
  15  0:39  Probe  
  16  0:52  Forge  
  16  1:11  Probe  
  17  1:21  Pylon  
  17  1:23  Probe  
  18  1:37  Pylon  
  18  1:41  Photon Cannon  
  18  1:42  Photon Cannon  
  18  1:46  Pylon  
  18  1:49  Photon Cannon  
  18  1:54  Photon Cannon  
  18  1:57  Pylon  
  18  2:00  Pylon  
  17  2:05  Photon Cannon  
  17  2:06  Photon Cannon  
  17  2:07  Photon Cannon  
  17  2:27  Gateway  
  17  2:37  Pylon  
  17  2:47  Pylon  
  17  3:02  Probe  
  17  3:05  Assimilator  
  17  3:06  Assimilator  
  17  3:10  Probe  
  17  3:11  Pylon  
  17  3:12  Photon Cannon  
  18  3:13  Photon Cannon  
  18  3:15  Photon Cannon  
  18  3:18  Photon Cannon  
  19  3:20  Probe  
  19  3:21  Pylon  
  20  3:35  Photon Cannon  
  20  3:38  Probe  
  20  3:41  Photon Cannon  
  20  3:42  Pylon  
  20  3:46  Probe  
  21  3:50  Pylon  
  22  3:56  Probe  
  22  4:23  Pylon  
  22  4:26  Probe  
  22  4:30  Forge  
Show
View Real Time Build Order
Export as new Build Order

IWIking Terran 

Build Orders:  

Get SALT Encoding   

  13  0:07  SCV  
  13  0:19  SCV  
  14  0:28  Supply Depot  
  14  0:32  SCV  
  14  0:33  Refinery  
  15  0:54  SCV  
  16  1:04  Barracks  
  16  1:05  Supply Depot  
  16  1:07  SCV  
  17  1:16  Refinery  
  17  1:19  SCV  
  18  1:37  SCV  
  19  2:30  Orbital Command  
  19  2:53  Factory  
  19  2:54  Supply Depot  
  19  3:00  SCV  
  20  3:12  SCV  
  21  3:27  SCV  
  21  3:32  Supply Depot  
  22  3:40  SCV  
  23  3:59  Starport x2  
  23  4:01  SCV  
  23  4:02  Starport  
  24  4:07  Supply Depot  
  24  4:09  Armory  
  24  4:50  Starport Tech Lab x3  
  24  4:54  Fusion Core  
  24  4:55  SCV  
  24  4:56  Barracks Reactor  
  24  4:59  Widow Mine  
  27  5:10  Banshee x3  
  34  5:20  Widow Mine  
  28  5:27  SCV  
  15  5:39  SCV  
  11  6:13  SCV  
Show
View Real Time Build Order
Export as new Build Order

Massa Terran - Winner!

Build Orders:  

Get SALT Encoding   

  12  0:11  Supply Depot  
  12  0:16  SCV  
  13  0:28  SCV  
  14  0:35  Barracks  
  14  0:40  SCV  
  15  0:53  SCV  
  16  1:05  SCV  
  17  1:17  SCV  
  18  1:23  Marine  
  18  1:25  Supply Depot  
  19  1:27  Barracks  
  19  1:41  Marine  
  20  1:59  Marine  
  21  2:17  Marine  
  20  2:29  Marine  
  19  2:45  Barracks  
  19  2:47  Marine  
  20  2:54  Orbital Command  
  19  2:59  Refinery  
  19  3:17  Supply Depot  
  18  3:21  Supply Depot  
  17  3:38  Marine x3  
  17  3:40  Orbital Command  
  19  3:56  Marine x3  
  22  4:29  Refinery  
  22  4:40  Supply Depot  
  22  4:50  Refinery  
  22  5:02  SCV  
  22  5:03  Supply Depot  
  22  5:04  Marine  
  22  5:05  Marine  
  23  5:25  SCV, Marine x3  
  27  5:37  SCV  
  28  5:42  Marine x3  
  28  5:48  Factory  
  31  5:54  Factory  
  31  5:56  Supply Depot  
  31  6:14  Engineering Bay  
  31  6:18  SCV  
  32  6:19  Supply Depot  
  32  6:30  SCV  
  32  6:31  Supply Depot  
  33  6:34  Factory Tech Lab  
  33  6:42  Factory Tech Lab, Supply Depot  
  33  6:53  Supply Depot  
  33  6:55  Missile Turret  
Show
View Real Time Build Order
Export as new Build Order

qqq Zerg - Winner!

Build Orders: Hatch First 

Get SALT Encoding   

  12  0:01  Drone  
  13  0:10  Drone  
  14  0:36  Hatchery  
  13  1:00  Spawning Pool  
  12  1:05  Overlord  
  12  1:06  Drone  
  12  1:08  Drone  
  14  1:11  Extractor  
  13  1:27  Drone  
  13  1:28  Drone  
  16  1:40  Drone  
  16  1:59  Zergling x2  
  16  2:00  Zergling x2  
  16  2:01  Queen  
  20  2:06  Drone  
  21  2:15  Zergling x2  
  22  2:16  Zergling x2  
  23  2:28  Zergling x2  
  23  2:29  Zergling x4  
  26  2:33  Metabolic Boost  
  26  2:36  Queen  
  28  2:52  Overlord  
  28  3:02  Overlord  
  28  3:09  Queen  
  28  3:10  Zergling x2  
  28  3:11  Zergling x4  
  33  3:14  Drone  
  34  3:27  Zergling x6  
  34  3:30  Drone  
  38  3:44  Zergling x8  
  42  4:06  Zergling x4  
  44  4:11  Overlord x2  
  35  4:31  Zergling x4  
  35  4:32  Zergling x10  
  35  4:33  Zergling x2  
  41  4:55  Zergling x2  
  41  4:56  Zergling x10  
  46  5:14  Zergling x2  
  46  5:15  Zergling x4  
  41  5:32  Zergling x4  
  41  5:33  Zergling x2  
  40  5:59  Spore Crawler  
  40  6:02  Spore Crawler x2  
  31  6:18  Zergling x2  
  31  6:19  Zergling x10  
  31  6:20  Zergling x10  
  31  6:21  Zergling x2  
Tags
 
Add a new tag
Caveats
  • Supply blocks, unpowered buildings, or Contaminate may cause inaccurate times.
  • Supply counts are checked every 10 seconds.